 Dungeon Crawl Stone Soup version 0.28-b1-25-g9875b3fc8c (webtiles) character file.

Game seed: 716620176960986556

275 sanka the Magician (level 6, -3/32 HPs)
             Began as a Deep Elf Transmuter on Feb 7, 2022.
             Was a Follower of Vehumet.
             Slain by Edmund (8 damage)
             ... on level 4 of the Dungeon.
             The game lasted 00:06:55 (4485 turns).

sanka the Magician (Deep Elf Transmuter)            Turns: 4485, Time: 00:06:56

Health: -3/32      AC:  8    Str: 12    XL:     6   Next: 3%
Magic:  16/16      EV: 14    Int: 20    God:    Vehumet [*.....]
Gold:   167        SH:  0    Dex: 19    Spells: 8/15 levels left

rFire   + . .      SeeInvis .   n - +9 trident of the Hills {freeze, *Slow Will+ rCorr Dex+4}
rCold   . . .      Faith    .   (no shield)
rNeg    . . .      Spirit   .   i - +3 leather armour "Obrin" {Str+5}
rPois   +          Reflect  .   q - +1 helmet
rElec   .          Harm     .   (no cloak)
rCorr   +          Rampage  .   (no gloves)
Will    +....                   (no boots)
Stlth   +.........              (no amulet)
HPRegen 0.10/turn               j - ring of poison resistance
MPRegen 0.15/turn               (no ring)

@: no status effects
A: fire resistance 1, frail 1
a: Renounce Religion


You were on level 4 of the Dungeon.
You worshipped Vehumet.
Vehumet was aware of your devotion.
You visited 1 branch of the dungeon, and saw 4 of its levels.

You collected 167 gold pieces.

Inventory:

Hand Weapons
 k - a +0 long sword
 n - the +9 trident of the Hills (weapon) {freeze, *Slow Will+ rCorr Dex+4}
   (You took it off a kobold on level 3 of the Dungeon)

   It freezes those it strikes, dealing additional cold damage.
   It can also slow down cold-blooded creatures.
   Dex:       It affects your dexterity (+4).
   rCorr:     It protects you from acid and corrosion.
   *Slow:     It may slow you when you take damage.
   Will:      It increases your willpower.
Armour
 a - a +0 robe
 i - the +3 leather armour "Obrin" (worn) {Str+5}
   (You found it on level 2 of the Dungeon)

   Str:       It affects your strength (+5).
 q - a +1 helmet (worn)
Jewellery
 j - a ring of poison resistance (left hand)
 l - an amulet of faith
Scrolls
 c - 4 scrolls of identify {unknown}
 e - a scroll of holy word {unknown}
 g - a scroll of blinking {unknown}
 h - 2 scrolls of enchant armour {unknown}
 r - a scroll of enchant weapon {unknown}
 u - a scroll of torment {unknown}
Potions
 b - a potion of brilliance {unknown}
 d - a potion of attraction {unknown}
 f - a potion of lignification {unknown}
 m - a potion of magic {unknown}
 o - a potion of curing {unknown}
 p - a potion of mutation
 s - a potion of cancellation
 t - 2 potions of might {unknown}


   Skills:
 + Level 2.7 Fighting
 + Level 4.7 Dodging
 - Level 2.4 Unarmed Combat
 - Level 5.4 Spellcasting
 - Level 2.3 Transmutations
 - Level 0.4 Poison Magic


You had 8 spell levels left.
You knew the following spells:

 Your Spells              Type           Power      Damage    Failure   Level
a - Beastly Appendage     Tmut           28%        N/A       5%          1
b - Spider Form           Tmut/Pois      11%        N/A       24%         3
c - Shock                 Conj/Air       20%        1d4       14%         1
d - Wereblood             Tmut           14%        N/A       9%          2

Your spell library contained the following spells:

 Spells                   Type           Power      Damage    Failure   Level
 Ice Form                 Ice/Tmut       10%        N/A       65%         4


Dungeon Overview and Level Annotations

Branches:
Dungeon (4/15)
 Temple: D:4-7

Altars:
Fedhas
Ru
Vehumet

Annotations:
D:4 1 transporter, Edmund


Innate Abilities, Weirdness & Mutations

Your flesh is heat resistant. (rF+)
You are frail. (-10% HP)


Message History

You hit the orc. You freeze the orc.
The orc is heavily wounded.
The orc closely misses you.
You barely miss the orc.
The orc is heavily wounded.
The orc closely misses you. x2
You barely miss the orc.
The orc is heavily wounded.
The orc misses you.
You puncture the orc! You freeze the orc.
You feel a bit better.
You kill the orc!
Vehumet accepts your kill.
Your primal bloodlust is almost over.
You hit Edmund. You freeze Edmund.
Edmund is lightly wounded.
Edmund misses you.
You hit Edmund but do no damage.
Edmund is lightly wounded.
Edmund hits you with a +3 flail of protection.
Edmund hits you with a +3 flail of protection!
You hit Edmund. You freeze Edmund.
Edmund is moderately wounded.
You howl as the wereblood boils in your veins!
Edmund hits you with a +3 flail of protection.
You hit Edmund. You freeze Edmund.
Edmund is heavily wounded.
Edmund hits you with a +3 flail of protection!
You hit Edmund. You freeze Edmund.
Edmund is heavily wounded.
Your primal bloodlust has ended.
Edmund hits you with a +3 flail of protection.
* * * LOW HITPOINT WARNING * * *
Edmund hits you with a +3 flail of protection.
* * * LOW HITPOINT WARNING * * *
It was a potion of mutation.
You feel extremely strange.
You feel frail.
You feel resistant to heat. Edmund closely misses you.
It was a potion of cancellation.
You feel magically purged.
Edmund hits you with a +3 flail of protection!
You die...

...###.......o....#....o
...# #.......o.@..#....
#### #.......).@....o
#.#.........##....
#...........# .
#####.)###### ##)###
############...########
..............Z@@....<#
#######################


You could see Edmund and a bullfrog skeleton.

Vanquished Creatures
  A black bear (D:4)
  A scorpion (D:3)
  Robin (D:3)
  2 adders
  A worm (D:3)
  8 orcs
  7 ball pythons
  5 bats
  7 endoplasms
  3 giant cockroaches
  16 goblins
  8 hobgoblins
  2 kobolds
  6 quokkas
  A frilled lizard (D:1)
  6 rats
75 creatures vanquished.

Vanquished Creatures (others)
  5 plants (D:3)
5 creatures vanquished.

Grand Total: 80 creatures vanquished

Notes
Turn   | Place    | Note
-------+----------+-------------------------------------------
     0 | D:1      | sanka the Deep Elf Transmuter began the quest for the Orb.
     0 | D:1      | Reached XP level 1. HP: 11/11 MP: 6/6
   209 | D:1      | Found a faded altar of an unknown god.
   235 | D:1      | Prayed at the altar of an unknown god.
   235 | D:1      | Became a worshipper of Ru the Awakened
   269 | D:1      | Reached skill level 4 in Spellcasting
   269 | D:1      | Reached XP level 2. HP: 7/16 MP: 7/9
  1403 | D:2      | Found a radiant altar of Vehumet.
  1417 | D:2      | Fell from the grace of Ru
  1417 | D:2      | Became a worshipper of Vehumet
  1593 | D:2      | Reached XP level 3. HP: 20/20 MP: 9/11
  1607 | D:2      | Learned a level 3 spell: Spider Form
  1652 | D:2      | Reached skill level 5 in Spellcasting
  1742 | D:2      | Identified the +3 leather armour "Obrin" {Str+5}
  2177 | D:3      | Reached skill level 1 in Fighting
  2558 | D:3      | Reached XP level 4. HP: 5/25 MP: 9/13
  2961 | D:3      | You fall into a shaft and drop 1 floor!
  2965 | D:4      | Noticed Robin
  3001 | D:3      | Reached * piety under Vehumet
  3001 | D:3      | Offered knowledge of Shock by Vehumet.
  3004 | D:3      | Learned a level 1 spell: Shock
  3146 | D:3      | Identified the +9 trident of the Hills {freeze, *Slow Will+
                  | rCorr Dex+4}
  3463 | D:3      | Noticed a scorpion
  3480 | D:3      | Killed a scorpion
  3481 | D:3      | Reached XP level 5. HP: 30/30 MP: 14/14
  4035 | D:4      | Noticed Edmund
  4095 | D:3      | Killed Robin
  4264 | D:3      | Learned a level 2 spell: Wereblood
  4299 | D:4      | Found a blossoming altar of Fedhas.
  4303 | D:4      | Found a transporter.
  4319 | D:4      | Noticed a black bear
  4333 | D:4      | Killed a black bear
  4334 | D:4      | Reached XP level 6. HP: 30/36 MP: 16/16
  4484 | D:4      | Gained mutation: You are frail. (-10% HP) [potion of
                  | mutation]
  4484 | D:4      | Gained mutation: Your flesh is heat resistant. (rF+)
                  | [potion of mutation]
  4485 | D:4      | Slain by Edmund

Illustrated notes

Levels and vault maps discovered:
D:1:      dpeg_arrival_erosion, layout_basic, basic_ecumenical_altar
D:2:      layout_rooms, basic_altar
D:3:      minmay_skewed_foursquare, layout_basic, serial_bayou_pond_a,
          nrook_loot_triangle, minmay_fractal_squares_diagonal_5
D:4:      layout_rooms, fedhas_altar_1, gammafunk_ghost_stat_death, uniq_robin,
          uniq_edmund

Skill      XL: |  1  2  3  4  5 |
---------------+----------------+-----
Spellcasting   | 4 5 |  5.4
Fighting       | 1 2 |  2.7
Dodging        | 3 4 |  4.7
Unarmed Combat | |  2.4
Transmutations | |  2.3
Poison Magic   | |  0.4

Action                   |  1- 3 |  4- 6 || total
-------------------------+-------+-------++-------
Melee: Unarmed           |    72 |     6 ||    78
       Headbutt          |    15 |       ||    15
       Kick              |    12 |       ||    12
       Punch             |     2 |       ||     2
       Long sword        |    40 |    21 ||    61
       Trident           |       |    51 ||    51
 Cast: Beastly Appendage |    23 |       ||    23
       Spider Form       |     2 |     1 ||     3
       Shock             |       |    11 ||    11
       Wereblood         |       |     2 ||     2
Invok: Reject Sacrifices |     1 |       ||     1
  Use: Potion            |       |     2 ||     2
Armor: Robe              |    17 |       ||    17
       Leather armour    |    14 |    29 ||    43
Dodge: Dodged            |   101 |    57 ||   158
